Map: Simulacrum LE

Players

JohnnyV - Winner!

  • Race: Terran Terran
  • League: Silver
  • Spawn Location: 11:00

arnonreyes

  • Race: Terran Terran
  • League: Silver
  • Spawn Location: 5:00

VOD

Have the link to the VOD?

Description

Time

  • Played on: May 6, 2020, 9:50 p.m.
  • Length: 7:18
Show
View Real Time Build Order
Export as new Build Order

JohnnyV Terran - Winner!

Build Orders:  

Get SALT Encoding   

  12  0:01  SCV  
  13  0:13  SCV  
  14  0:19  Supply Depot  
  14  0:27  Refinery  
  14  0:30  SCV  
  15  0:42  SCV  
  16  0:46  Barracks  
  16  0:54  SCV  
  17  1:06  SCV  
  18  1:14  Refinery  
  18  1:18  SCV  
  18  1:20  Supply Depot  
  19  1:30  SCV  
  20  1:34  Reaper  
  21  1:48  Factory  
  21  1:52  SCV  
  22  2:04  SCV  
  22  2:07  Barracks Reactor  
  23  2:20  Bunker  
  23  2:23  Orbital Command  
  23  2:32  Starport  
  22  2:52  Marine x2  
  22  2:56  SCV  
  23  3:05  Factory Tech Lab  
  23  3:12  Marine x2  
  23  3:14  Starport Tech Lab  
  23  3:17  SCV  
  26  3:23  Supply Depot  
  26  3:29  SCV  
  26  3:31  Fusion Core  
  27  3:37  Siege Tank  
  30  3:54  SCV  
  31  4:08  Marine x2  
  33  4:36  Battlecruiser  
  39  4:44  Barracks  
  39  4:47  Engineering Bay  
  39  4:56  Supply Depot  
  39  5:17  Marine x2, SCV, Siege Tank  
  45  5:27  Supply Depot  
  45  5:35  Barracks Tech Lab  
  45  5:37  Supply Depot  
  45  5:42  Marine x2  
  34  6:32  Marine x2  
Show
View Real Time Build Order
Export as new Build Order

arnonreyes Terran 

Build Orders:  

Get SALT Encoding   

  12  0:01  SCV  
  13  0:13  SCV  
  14  0:17  Supply Depot  
  14  0:26  SCV  
  15  0:41  SCV  
  15  0:42  Barracks  
  16  0:46  Refinery  
  16  0:54  SCV  
  17  1:06  SCV  
  17  1:08  Refinery  
  18  1:29  Orbital Command  
  18  1:30  Supply Depot  
  18  1:34  Reaper  
  19  1:40  Engineering Bay  
  19  1:54  SCV  
  20  2:06  SCV, Factory  
  21  2:15  Barracks Reactor  
  21  2:28  Barracks  
  20  3:07  SCV  
  20  3:11  Factory Tech Lab  
  21  3:14  Marine x2  
  21  3:16  Starport  
  21  3:19  SCV  
  24  3:28  Barracks Reactor  
  24  3:31  SCV, Barracks Tech Lab  
  24  3:32  Marine x2  
  27  3:42  Command Center  
  27  3:43  Siege Tank  
  30  3:50  Marine  
  30  3:52  Starport Reactor  
  31  3:58  Supply Depot  
  31  4:03  Stimpack  
  31  4:13  Marine x2, SCV  
  34  4:17  Siege Tank  
  34  4:21  Supply Depot  
  37  4:31  Marine x2, Medivac  
  41  4:48  Starport  
  41  5:01  Orbital Command  
  41  5:05  SCV  
  42  5:18  SCV, Siege Tank  
  46  5:30  SCV  
  46  5:31  SCV  
  48  5:37  Refinery  
  48  5:42  SCV  
  49  5:43  SCV  
  50  5:54  SCV  
  50  5:55  SCV  
  51  6:01  Marine x2  
  49  6:06  SCV  
  47  6:18  Missile Turret  
  45  6:19  Marine x2  
  45  6:21  Cyclone  
  46  6:26  Marine  
  42  6:36  Marine  
  40  6:44  Marine  
Tags
 
Matchup
TvT
Race
Terran
Spawn Locations
Cross Positions
Add a new tag
Caveats
  • Supply blocks, unpowered buildings, or Contaminate may cause inaccurate times.
  • Supply counts are checked every 10 seconds.